 Dungeon Crawl Stone Soup version 0.24.0-2-g5b39cebb1c (webtiles) character file.

Game seed: 17943243237952000932, levelgen mode: deterministic

302 ventricule the Sneak (level 6, -5/34 HPs)
             Began as a Deep Elf Assassin on Oct 30, 2019.
             Slain by a mummy (20 damage)
             ... on level 4 of the Dungeon.
             The game lasted 00:13:51 (4442 turns).

ventricule the Sneak (Deep Elf Assassin)            Turns: 4442, Time: 00:13:52

Health: -5/34      AC:  5    Str:  8    XL:     6   Next: 14%
Magic:  8/8        EV: 15    Int: 18    God:
Gold:   204        SH:  0    Dex: 16    Spells: 5/5 levels left

rFire    . . .     SeeInvis .   a - +2 dagger
rCold    . . .     Gourm    +   (no shield)
rNeg     . . .     Faith    .   o - +0 robe
rPois    .         Spirit   .   x - +1 helmet
rElec    .         Reflect  .   c - +0 cloak
rCorr    .         Harm     .   (no gloves)
MR       .....                  (no boots)
Stlth    +++.......             s - amulet of the gourmand
HPRegen  0.11/turn              (no ring)
MPRegen  0.11/turn              (no ring)

@: no status effects
A: no striking features
a: no special abilities


You were on level 4 of the Dungeon.
You were very full.

You visited 1 branch of the dungeon, and saw 4 of its levels.

You collected 204 gold pieces.

Inventory:

Hand Weapons
 a - a +2 dagger (weapon)
 b - a +0 hunting sling
 h - a +0 short sword
 t - a +1 whip of draining
Missiles
 d - 16 poisoned darts (quivered)
 f - 2 curare-tipped darts
 u - 18 sling bullets
 Q - 140 stones
Armour
 c - a +0 cloak (worn)
 o - a +0 robe (worn)
 x - a +1 helmet (worn)
Jewellery
 s - an amulet of the gourmand (around neck)
 v - an uncursed ring of magical power {MP+9}
Scrolls
 i - a scroll of immolation {unknown}
 m - 2 scrolls of remove curse
 q - a scroll of noise {!r}
Potions
 g - a potion of curing {unknown}
 n - 2 potions of resistance
 r - a potion of degeneration {unknown}
 w - a potion of flight {unknown}
 z - a potion of lignification {unknown}
Comestibles
 e - 2 rations


   Skills:
 - Level 1.5 Fighting
 + Level 3.7 Short Blades
 + Level 4.1 Throwing
 + Level 4.4 Dodging
 - Level 5.1 Stealth


You had 5 spell levels left.
You didn't know any spells.
Your spell library was empty.

Dungeon Overview and Level Annotations

Branches:
Dungeon (4/15)
 Temple: D:4-7

Altars:

Portals:
Ossuary: D:4

Annotations:
D:3 1 runed translucent door, Esekla's ghost, amateur DESk
D:4 Dowan; Duvessa


Message History

You are no longer poisoned.
You take 1 damage, and have 19/34 hp.
i - a scroll labeled JEKONOS OBEZU You open the door.
A mummy comes into view.
Found a sand-covered staircase.
The mummy hits you!
* * * LOW HITPOINT WARNING * * *
There is an open door, spattered with blood here.
You take 8 damage, and have 14/34 hp.
MASSIVE DAMAGE!!
Unknown command.
You hit the mummy. You hit the mummy but do no damage. The mummy misses you.
You hit the mummy. You hit the mummy. The mummy closely misses you.
You hit the mummy but do no damage. You hit the mummy but do no damage.
The mummy hits you!!
Ouch! That really hurt!
You die...

***#.....+,..,,,,,*
#.....##.#..##e#
#.....##.##..#.##
#.....##.#*#....#*
#.....##.+,##..e.*
#........###.#...*
####.....##..##..##
##....#...###..#####
#........@M##.....#
##....#...###..###.#
#.....##..##..## *,*
#.....###^#...# *,* #
#.....+,##..#.# *,* ###
#.....###..##.# *,* ..#
#####.##......# *,*
..#########.#..######***,*
..+.†.................,,,*


You could see a mummy.

Levels and vault maps discovered:
D:1:      dpeg_arrival_signposts, layout_basic,
          wander_ebering_terrifying_dragon_lair
D:2:      layout_rooms
D:3:      layout_rooms, hellmonk_ghost_happy_afterlife
D:4:      black_bear_nest_2, layout_basic, nicolae_ossuary_entry_giza,
          chequers_serial_rivers_marsh, uniq_duvessa

Notes
Turn   | Place    | Note
-------+----------+-------------------------------------------
     0 | D:1      | ventricule the Deep Elf Assassin began the quest for the
                  | Orb.
     0 | D:1      | Reached XP level 1. HP: 12/12 MP: 3/3
    50 | D:1      | Identified a +0 short sword
    58 | D:1      | Identified a +0 dagger
    77 | D:1      | Identified a cursed -2 dagger
    95 | D:1      | Identified a +0 dagger
   173 | D:1      | Reached skill level 5 in Stealth
   174 | D:1      | Reached XP level 2. HP: 11/16 MP: 4/4
   183 | D:1      | Identified a +0 club
   556 | D:1      | Reached skill level 2 in Dodging
   567 | D:1      | Identified a +0 dagger
  1046 | D:1      | Identified a +0 club
  1050 | D:1      | Reached XP level 3. HP: 16/20 MP: 5/5
  1249 | D:1      | Identified a +0 dagger
  1412 | D:2      | Identified a cursed -2 club
  1412 | D:2      | Identified a +0 whip
  1460 | D:2      | Identified a +0 dagger
  1543 | D:2      | Identified a +0 dagger
  1547 | D:2      | Identified a +0 hunting sling (You found it on level 1 of
                  | the Dungeon)
  1548 | D:2      | Identified a +0 hunting sling
  1587 | D:2      | Identified a +0 club
  1590 | D:2      | Identified a +2 dagger
  1627 | D:2      | Identified a cursed -3 club
  1846 | D:2      | Identified a +0 club
  2068 | D:2      | Identified an amulet of the gourmand (You found it on level
                  | 2 of the Dungeon)
  2086 | D:2      | Identified a cursed -3 club
  2086 | D:2      | Identified a +0 buckler
  2089 | D:2      | Identified a +0 whip
  2099 | D:2      | Reached XP level 4. HP: 25/25 MP: 6/6
  2117 | D:2      | Identified a +1 whip of draining (You found it on level 2
                  | of the Dungeon)
  2556 | D:3      | Identified a +0 dagger
  2580 | D:2      | Reached skill level 3 in Throwing
  2820 | D:3      | Identified a +0 dagger
  2844 | D:3      | Reached skill level 3 in Dodging
  3012 | D:3      | Identified an uncursed ring of magical power
  3073 | D:3      | Identified a +1 helmet (You found it on level 3 of the
                  | Dungeon)
  3269 | D:3      | Identified a +0 short sword
  3269 | D:3      | Identified a +0 ring mail
  3274 | D:3      | Reached skill level 3 in Short Blades
  3283 | D:3      | Identified a +0 trident
  3453 | D:3      | Identified a +0 mace
  3476 | D:3      | Found a runed translucent door.
  3476 | D:3      | Noticed Esekla's ghost (amateur DESk)
  3558 | D:3      | Identified a +0 club
  3564 | D:3      | Reached XP level 5. HP: 29/29 MP: 7/7
  4040 | D:4      | Identified a +0 giant spiked club
  4040 | D:4      | Noticed an ogre
  4054 | D:4      | Killed an ogre
  4054 | D:4      | Reached skill level 4 in Dodging
  4093 | D:4      | Identified a scroll of teleportation
  4094 | D:4      | Identified a scroll of blinking
  4095 | D:4      | Identified 2 scrolls of noise
  4096 | D:4      | Identified 2 scrolls of identify
  4096 | D:4      | Identified 2 potions of resistance
  4097 | D:4      | Identified a +0 giant club
  4097 | D:4      | Noticed an ogre
  4097 | D:4      | Identified 3 scrolls of remove curse
  4098 | D:4      | Identified a scroll of magic mapping
  4105 | D:4      | Identified a potion of heal wounds
  4116 | D:4      | HP: 4/29 [worker ant (6)]
  4132 | D:4      | Reached skill level 4 in Throwing
  4132 | D:4      | Reached XP level 6. HP: 18/34 MP: 8/8
  4391 | D:4      | Identified a +0 giant club
  4407 | D:4      | Identified a +0 short sword
  4407 | D:4      | Identified a +0 ring mail
  4407 | D:4      | Noticed Duvessa
  4407 | D:4      | Identified a +0 dagger
  4407 | D:4      | Identified a +0 robe
  4407 | D:4      | Noticed Dowan
  4435 | D:4      | Found a sand-covered staircase.
  4442 | D:4      | Slain by a mummy

Table legend:
 A = Turns spent in this place as a percentage of turns spent in the entire game.
 B = Non-inter-level travel turns spent in this place as a percentage of non-inter-level travel turns spent in the entire game.
 C = Inter-level travel turns spent in this place as a percentage of turns spent in this place.
 D = Turns resting spent in this place as a percentage of non-inter-level travel turns spent in this place.
 E = Turns spent auto-exploring this place as a percentage of non-inter-level travel turns spent in this place.
 F = Non-inter-level travel turns spent in this place divided by the number of levels of this place that you've seen.
                   A       B       C       D       E      F
               +-------+-------+-------+-------+-------+----------------------
         Total | 100.0 | 100.0 |   5.1 |  41.8 |  33.1 | 1054.2
       Dungeon | 100.0 | 100.0 |   5.1 |  41.8 |  33.1 | 1054.2
               +-------+-------+-------+-------+-------+----------------------

Table legend:
 A = Kills in this place as a percentage of kills in entire the game.
 B = Kills by you in this place as a percentage of kills by you in the entire game.
 C = Kills by friends in this place as a percentage of kills by friends in the entire game.
 D = Other kills in this place as a percentage of other kills in the entire game.
 E = Experience gained in this place as a percentage of experience gained in the entire game.
 F = Experience gained in this place divided by the number of levels of this place that you have seen.
                   A       B       C       D       E      F
               +-------+-------+-------+-------+-------+----------------------
         Total | 100.0 | 100.0 |   N/A |   N/A | 100.0 | 108.0
       Dungeon | 100.0 | 100.0 |   N/A |   N/A | 100.0 | 108.0
               +-------+-------+-------+-------+-------+----------------------

Skill      XL: |  1  2  3  4  5 |
---------------+----------------+-----
Stealth        | 5 |  5.1
Dodging        | 2 3 4 |  4.4
Throwing       | 3 4 |  4.1
Short Blades   | 3 |  3.7
Fighting       | |  1.5

Action                   |  1- 3 |  4- 6 || total
-------------------------+-------+-------++-------
Melee: Dagger            |   145 |   150 ||   295
       Whip              |       |    13 ||    13
 Fire: Hunting sling     |    21 |    39 ||    60
Throw: Dart              |    11 |    27 ||    38
       Stone             |    12 |     2 ||    14
  Use: Scroll            |       |     7 ||     7
       Potion            |       |     1 ||     1
 Stab: Sleeping          |    10 |     4 ||    14
  Eat: Chunk             |     4 |    12 ||    16
       Ration            |       |     1 ||     1
Armor: Robe              |    35 |    35 ||    70
Dodge: Dodged            |   119 |   113 ||   232

Vanquished Creatures
  An ogre (D:4)
  3 worker ants (D:4)
  6 adders
  A worm (D:3)
  3 leopard geckos
  4 orcs
  6 bats
  5 giant cockroaches
  9 goblins
  10 hobgoblins
  12 jackals
  2 quokkas
  2 ball pythons
  6 frilled lizards
  9 kobolds
  10 rats
89 creatures vanquished.
